[Event "1st 4NCL International U2050"]
[Site "Telford"]
[Date "2018.11.03"]
[Round "7"]
[White "Walley, A Clive"]
[Black "Hughes, Peter"]
[Result "1/2-1/2"]
[ECO "B39"]
[WhiteElo "1846"]
[BlackElo "1874"]
[Annotator "NA"]
[PlyCount "66"]
[EventDate "2018.10.31"]
[EventType "swiss"]
[EventCountry "GBR"]
[SourceTitle "playchess.com"]
[Source "ChessBase"]
[SourceQuality "1"]
[TimeControl "5400+30"]

1. e4 c5 2. Nf3 g6 3. d4 cxd4 4. Nxd4 Bg7 {[%emt 0:00:27] LiveBook: 1076 Games} 5. c4 Nc6 6. Be3 Nf6 7. Nc3 Ng4 8. Qxg4 Nxd4 9. Qd1 e5 10. Qd2 d6 11. Bd3 Be6 12. O-O O-O 13. Rad1 f5 {[%emt 0:14:26] B39: Sicilian: Maroczy Bind with 5...Bg7 and 7...Ng4} (13... a6 14. b3 Qh4 15. f3 h6 16. Qf2 Qxf2+ 17. Rxf2 Rfc8 18. Bxd4 exd4 19. Ne2 b5 20. cxb5 axb5 21. Bb1 {½-½ (49) Hirneise,T (2452)-Plat,V (2498) Pardubice 2016}) 14. f3 Rc8 15. b3 Qa5 $146 ({Predecessor:} 15... f4 16. Bxd4 exd4 17. Ne2 Qg5 18. Bb1 Bh3 19. Rf2 Bd7 20. Nxd4 Qh4 21. Ne2 {1-0 (39) Tortarolo,M (2270)-Cirabisi,F (2125) Celle Ligure 1997}) 16. Bxd4 exd4 17. Ne2 Qc5 18. exf5 Bxf5 19. Bxf5 Rxf5 20. Nxd4 Re8 21. Kh1 Rfe5 $16 22. f4 Re4 23. Nb5 Re2 24. Qxd6 Qe3 25. Nc7 Rf8 26. Qd5+ Kh8 27. g3 Rxa2 28. Qf3 Qxf3+ 29. Rxf3 h5 30. Ne6 Re8 31. Nxg7 Kxg7 32. Rdf1 Ree2 33. Rd1 Kf6 1/2-1/2

[Event "1st 4NCL International U2050"]
[Site "Telford"]
[Date "2018.11.03"]
[Round "7"]
[White "Towers, Nigel S"]
[Black "Whitehead, Mark A"]
[Result "1/2-1/2"]
[ECO "B43"]
[WhiteElo "1843"]
[BlackElo "1945"]
[Annotator "NA"]
[PlyCount "58"]
[EventDate "2018.10.31"]
[EventType "swiss"]
[EventCountry "GBR"]
[SourceTitle "playchess.com"]
[Source "ChessBase"]
[SourceQuality "1"]
[TimeControl "5400+30"]

1. e4 c5 2. Nf3 e6 3. d4 cxd4 4. Nxd4 a6 5. Nc3 Qc7 6. g3 {[%emt 0:00:19] LiveBook: 1523 Games} b5 7. Bg2 Bb7 8. O-O Bb4 {[%emt 0:00:54] B43: Sizilianisch (Paulsen-Variante)} (8... Nc6 $14) (8... Nf6 9. Re1 d6 10. a4 bxa4 11. Nd5 Nxd5 12. exd5 e5 13. c4 Be7 14. Qxa4+ Nd7 15. Nc6 Nc5 16. Qa3 Bxc6 17. dxc6 O-O 18. b4 {1-0 (37) Bakalchuk,J (2400)-Dzagnidze,N (2522) Caleta 2018}) 9. Nde2 Ne7 10. Bf4 e5 11. Bg5 $146 ({Vorgänger:} 11. Be3 d6 12. a4 bxa4 13. Rxa4 Bxc3 14. Nxc3 Nd7 15. Qe2 {½-½ (24) Babula,M (2355)-Beil,Z (2340) Czechia 1993}) 11... f6 12. Be3 O-O 13. f4 d6 14. Nd5 (14. a3 $11 {keeps the balance.} Bc5 15. Bxc5 Qxc5+ 16. Kh1) 14... Nxd5 15. exd5 Nd7 16. g4 Rac8 17. Rc1 Bc5 18. Qd2 Bxe3+ 19. Qxe3 Qc5 20. Qxc5 Nxc5 21. Ng3 exf4 22. Nf5 Rcd8 23. Rxf4 Rfe8 24. c4 Nd3 25. Rff1 Nxc1 26. Rxc1 g6 27. Nd4 Rc8 $19 28. b3 Kf7 29. Ne6 Ba8 1/2-1/2

[Event "1st 4NCL International U2050"]
[Site "Telford"]
[Date "2018.11.03"]
[Round "7"]
[White "Wilson, Matthew R"]
[Black "Benson, Paul J"]
[Result "1/2-1/2"]
[ECO "A04"]
[WhiteElo "1820"]
[BlackElo "1912"]
[Annotator "NA"]
[PlyCount "51"]
[EventDate "2018.10.31"]
[EventType "swiss"]
[EventCountry "GBR"]
[SourceTitle "playchess.com"]
[Source "ChessBase"]
[SourceQuality "1"]
[TimeControl "5400+30"]

1. Nf3 f5 2. b3 d6 3. d4 {[%emt 0:00:12] A04: Unusual lines after 1 Nf3 and King's Indian Attack} Nf6 4. c4 (4. Bb2 g6 5. e3 Bg7 6. Be2 O-O 7. O-O e6 8. c4 Qe7 9. Nc3 b6 10. Qc2 Bb7 11. Rfd1 Nbd7 12. b4 Ne4 13. d5 Nxc3 14. Bxc3 Bxc3 15. Qxc3 {1-0 (42) Shankland,S (2671)-Shabalov,A (2561) Greensboro 2017}) 4... g6 5. Nc3 Bg7 6. Qc2 O-O 7. e3 Nc6 8. a3 e5 9. Be2 $146 ({Predecessor:} 9. d5 Ne7 10. Bb2 h6 11. Be2 g5 12. Nd2 Bd7 13. f3 Ng6 14. O-O-O {1-0 (54) Gunkel,C (2090)-Erlbeck,P (2003) Bayern 2004}) 9... exd4 10. exd4 Ng4 11. Be3 $2 (11. h3 $14 {keeps the upper hand.}) 11... f4 12. Bd2 Nxd4 13. Nxd4 Bxd4 14. O-O (14. Bxg4 {was necessary.} Bxg4 15. O-O) 14... Nxh2 15. Kxh2 $19 Qh4+ 16. Kg1 f3 17. Bxf3 Rxf3 18. gxf3 Qg3+ 19. Kh1 Qxf3+ 20. Kg1 Bh3 21. Qe4 Qg3+ 22. Kh1 Bxf2 23. Ne2 Bg2+ 24. Qxg2 Qh4+ 25. Qh2 Qe4+ 26. Qg2 1/2-1/2

[Event "1st 4NCL International U2050"]
[Site "Telford"]
[Date "2018.11.03"]
[Round "7"]
[White "Gogia, Armaan"]
[Black "Parry, Jacques"]
[Result "1-0"]
[ECO "C86"]
[WhiteElo "1808"]
[BlackElo "1625"]
[Annotator "NA"]
[PlyCount "81"]
[EventDate "2018.10.31"]
[EventType "swiss"]
[EventCountry "GBR"]
[SourceTitle "playchess.com"]
[Source "ChessBase"]
[SourceQuality "1"]
[TimeControl "5400+30"]

1. e4 e5 2. Nf3 Nc6 3. Bb5 a6 4. Ba4 d6 5. c3 Nf6 6. Qe2 Be7 $11 {[%emt 0:04:05] LiveBook: 89 Games} 7. h3 O-O 8. O-O b5 9. Bb3 Na5 10. Bc2 c5 11. Rd1 Bd7 12. d4 Qc7 13. Be3 cxd4 14. cxd4 Nc4 15. Bc1 Rac8 16. Bd3 Qb8 17. Nbd2 Nxd2 18. Bxd2 Rfe8 19. d5 Rf8 20. Kh1 Ne8 21. g4 g6 22. Rg1 Qb6 23. Be3 Qd8 24. Rg2 Ng7 25. Rag1 g5 26. Qd2 h6 27. Rh2 f6 28. h4 Kf7 29. hxg5 hxg5 30. Ne1 Rh8 31. f3 Rxh2+ 32. Kxh2 Qc7 33. Kg2 Rh8 34. Nc2 a5 35. Na3 b4 36. Nc4 Rb8 37. Rc1 Qd8 38. Qf2 Bb5 39. Bb6 Rxb6 40. Nxb6 Bd7 41. Bb5 1-0

[Event "1st 4NCL International U2050"]
[Site "Telford"]
[Date "2018.11.03"]
[Round "7"]
[White "Potter, Steven"]
[Black "Neatherway, A Philip"]
[Result "1-0"]
[ECO "D03"]
[WhiteElo "1771"]
[BlackElo "1813"]
[Annotator "NA"]
[PlyCount "69"]
[EventDate "2018.10.31"]
[EventType "swiss"]
[EventCountry "GBR"]
[SourceTitle "playchess.com"]
[Source "ChessBase"]
[SourceQuality "1"]
[TimeControl "5400+30"]

1. d4 Nf6 2. Bg5 d5 3. Bxf6 exf6 4. e3 g6 {[%emt 0:07:22] LiveBook: 175 Games} 5. Nf3 Bg7 6. Nbd2 {[%emt 0:00:10] D03: 1 d4 d5 2 Nf3 Nf6 3 Bg5, including Torre Attack with early ...d5} f5 7. Rc1 (7. c4 c6 8. cxd5 cxd5 9. Qb3 O-O 10. g3 a5 11. Bb5 Be6 12. O-O h6 13. Rac1 {1-0 (41) Dausch,R (2387)-Ivanov,M (2457) Germany 2005}) 7... Nc6 $146 ({Predecessor:} 7... Qe7 8. Be2 O-O 9. a3 Nc6 10. c4 dxc4 11. Nxc4 Rd8 12. O-O f4 13. b4 fxe3 14. fxe3 {½-½ (35) Williams,V (1555)-Rees,S (1395) Cardiff 2009}) 8. c4 f4 9. cxd5 fxe3 10. dxc6 exd2+ 11. Qxd2 O-O 12. Be2 Qd6 13. O-O bxc6 14. Qc3 Rb8 15. b3 Rb6 16. Bc4 Be6 17. Rfe1 Bd5 18. Ne5 Rd8 $16 (18... Re8 $14) 19. Bxd5 cxd5 20. Qxc7 Bxe5 21. dxe5 Qd7 22. g3 Kf8 23. Red1 Rb7 24. Qxd7 Rbxd7 25. Rd4 Ke7 26. f4 h5 27. h4 f6 28. exf6+ Kxf6 29. Kf2 Re8 30. Rc6+ Kf5 31. Kf3 Re1 32. Rc5 Ke6 33. Ra5 Rc1 34. Rd2 Rc3+ 35. Kg2 1-0

[Event "1st 4NCL International U2050"]
[Site "Telford"]
[Date "2018.11.03"]
[Round "7"]
[White "Gorgun, Aliriza Atif"]
[Black "Burgoyne, Peter A"]
[Result "1-0"]
[ECO "B90"]
[WhiteElo "1739"]
[BlackElo "1665"]
[Annotator "NA"]
[PlyCount "91"]
[EventDate "2018.10.31"]
[EventType "swiss"]
[EventCountry "GBR"]
[SourceTitle "playchess.com"]
[Source "ChessBase"]
[SourceQuality "1"]
[TimeControl "5400+30"]

1. e4 c5 2. Nf3 d6 3. d4 cxd4 4. Nxd4 Nf6 5. Nc3 a6 6. h3 e5 7. Nde2 Be6 8. g4 Be7 9. Bg2 h6 10. Be3 Nbd7 11. Nd5 Rc8 12. Nec3 Bxd5 13. Nxd5 Nc5 14. O-O Nxd5 15. Qxd5 Qc7 16. c4 Qc6 17. Qd2 O-O 18. Qc2 Ne6 19. b3 b5 20. Rfc1 Rc7 21. Qe2 Rfc8 22. cxb5 Qxb5 23. Bf1 Bg5 24. Qxb5 axb5 25. Rxc7 Rxc7 26. Bxb5 Rc3 27. Re1 Nd4 28. Bxd4 exd4 29. Rd1 Bf6 30. Rd3 Rc2 31. a4 Bh4 32. Rf3 Kf8 33. a5 Rc5 34. Rf5 Bd8 35. a6 Bb6 36. Bc4 f6 37. Kf1 Ke7 38. Ke2 g6 39. Rd5 f5 40. gxf5 gxf5 41. Rxf5 Rxf5 42. exf5 Kf6 43. Bd3 d5 44. b4 Kg5 45. Kd2 Kf6 46. Kc2 1-0

[Event "1st 4NCL International U2050"]
[Site "Telford"]
[Date "2018.11.03"]
[Round "7"]
[White "Di-Vetta, Andrew"]
[Black "Ali, Golam S"]
[Result "1-0"]
[ECO "A13"]
[WhiteElo "1681"]
[BlackElo "1859"]
[Annotator "NA"]
[PlyCount "97"]
[EventDate "2018.10.31"]
[EventType "swiss"]
[EventCountry "GBR"]
[SourceTitle "playchess.com"]
[Source "ChessBase"]
[SourceQuality "1"]
[TimeControl "5400+30"]

1. c4 Nf6 2. g3 e6 3. Bg2 d5 4. cxd5 exd5 5. Nf3 Bd6 {[%emt 0:00:16] LiveBook: 20 Games} 6. O-O O-O 7. b3 {[%emt 0:00:47] A13: Reti-Eröffnung} (7. Nc3 Re8 8. d3 h6 9. Qc2 c5 10. e4 Nc6 11. Nxd5 Nxd5 12. exd5 Nb4 13. Qb3 Bf5 14. Ne1 Qc7 {0-1 (41) Aronian,L (2750)-Kramnik,V (2759) Nice 2009}) 7... c6 8. Bb2 Re8 9. e3 Bg4 10. h3 Bh5 11. d3 Nbd7 $146 ({Vorgänger:} 11... h6 12. Qd2 Na6 13. g4 Bg6 14. Nh4 Bh7 {0-1 (47) Oelrichs,M (1635)-Tcherepanov,L (1735) Hamburg 2010}) 12. Qd2 Qc7 13. Nc3 Re7 14. Ne2 Rae8 15. Nfd4 Bg6 16. Rae1 Nc5 17. Nc1 h5 18. Nde2 Nh7 19. b4 Nd7 20. Nf4 h4 21. Nxg6 fxg6 22. g4 Qb6 23. a3 Bb8 24. e4 Qc7 25. f4 g5 26. e5 gxf4 27. d4 g5 28. Rf3 b6 29. Nd3 c5 30. bxc5 bxc5 31. dxc5 $16 (31. Rf2 $18) 31... Nxc5 32. Nb4 Nf6 33. Rc1 Nce4 34. Qd4 Ng3 35. Rxg3 Rxe5 36. Rgc3 Qe7 37. Rf3 Bd6 38. Kh2 Qb7 39. Nd3 Ne4 40. Nxe5 Bxe5 41. Qa4 Qxb2 42. Qxe8+ Kg7 43. Qd7+ Kg6 44. Rc6+ Nf6 45. Qxd5 Kg7 46. Qe6 Qd4 47. Qf5 Kh6 48. Rc8 Qb2 49. Rc5 1-0

[Event "1st 4NCL International U2050"]
[Site "Telford"]
[Date "2018.11.03"]
[Round "7"]
[White "Stubbs, Oliver"]
[Black "Zdanowski, Adrian"]
[Result "0-1"]
[ECO "B07"]
[WhiteElo "1672"]
[BlackElo "1845"]
[Annotator "NA"]
[PlyCount "132"]
[EventDate "2018.10.31"]
[EventType "swiss"]
[EventCountry "GBR"]
[SourceTitle "playchess.com"]
[Source "ChessBase"]
[SourceQuality "1"]
[TimeControl "5400+30"]

1. d4 Nf6 2. Bf4 d6 3. Nc3 g6 4. e4 a6 {[%emt 0:01:00] B07: Pirc-Ufimzew-Verteidigung} (4... c6 5. Nf3 Bg7 6. Qd2 O-O 7. h3 Qa5 8. e5 dxe5 9. dxe5 Nd5 10. Nxd5 Qxd2+ 11. Bxd2 cxd5 12. O-O-O Nc6 13. Bc3 e6 14. h4 h6 {0-1 (79) Vachier Lagrave,M (2779)-Carlsen,M (2842) Biel 2018}) 5. Qd2 b5 6. Bd3 Bb7 7. f3 $146 ({Vorgänger:} 7. Nf3 b4 8. Ne2 Bxe4 9. Bxe4 Nxe4 10. Qxb4 Nd7 11. Qa4 Bg7 12. c3 {½-½ (76) Muench,I (2230)-Scherer,R (2230) Germany 1997}) 7... Nbd7 8. O-O-O c5 9. dxc5 Nxc5 10. Nge2 Qa5 11. e5 dxe5 12. Bxe5 Bg7 13. Nb1 b4 14. f4 O-O 15. Nd4 Rfd8 ({Weaker is} 15... Qxa2 16. Qxb4 Nxd3+ 17. Rxd3 $17) (15... Bh6 $142 16. Rhe1 Ng4) 16. Nb3 Nxd3+ 17. Qxd3 Qb6 18. Qe2 a5 19. Rhe1 e6 20. g3 Bd5 21. N3d2 Bxa2 22. Ne4 Nxe4 23. Rxd8+ Rxd8 24. Qxe4 Bxe5 25. Qxe5 a4 26. Nd2 Qf2 27. Re2 (27. Qe2 $17 {war angesagt.} Qb6 28. Ne4) 27... Qg1+ 28. Re1 Qxh2 29. Ne4 b3 30. Qc7 Qxc2+ 31. Qxc2 bxc2 32. Kxc2 Bb3+ 33. Kc1 (33. Kc3 {only move.}) 33... Kg7 34. Nd2 Rd3 35. g4 h6 $19 36. Rg1 Rd4 37. Nxb3 axb3 38. Rf1 h5 39. gxh5 gxh5 40. Rf3 Rb4 41. Kd2 Kf6 42. Rh3 Kg6 43. Kc3 Rxf4 44. Kxb3 Kg5 45. Kc3 Kg4 46. Rh1 Rf5 47. b4 h4 48. Rg1+ Kf4 49. Rf1+ Ke3 50. Rh1 Rh5 51. Kc4 Kf2 52. b5 Kg2 53. Ra1 Rh8 54. Ra2+ Kg3 55. Ra3+ Kg4 56. b6 f5 57. b7 Rb8 58. Rb3 h3 59. Rb2 Kg3 60. Rb3+ Kg4 61. Rb2 f4 62. Kc5 Kg3 63. Kc6 h2 64. Rb1 f3 65. Kc7 Rxb7+ 66. Kxb7 Kg2 0-1

[Event "1st 4NCL International U2050"]
[Site "Telford"]
[Date "2018.11.03"]
[Round "7"]
[White "Chen, Daniel Xingyu"]
[Black "Wynarczyk, Raymond"]
[Result "1/2-1/2"]
[ECO "C41"]
[WhiteElo "1258"]
[BlackElo "1908"]
[Annotator "NA"]
[PlyCount "62"]
[EventDate "2018.10.31"]
[EventType "swiss"]
[EventCountry "GBR"]
[SourceTitle "playchess.com"]
[Source "ChessBase"]
[SourceQuality "1"]
[TimeControl "5400+30"]

1. e4 e5 2. Nf3 d6 3. d4 exd4 4. Nxd4 Nf6 5. Nc3 Be7 6. Bc4 O-O 7. O-O a6 {[%emt 0:02:47] LiveBook: 54 Games} (7... Nxe4 $5 8. Nxe4 d5 $14) 8. f4 {[%emt 0:04:10] C41: Philidor Defence} (8. Bf4 $14) (8. a4 Re8 9. Re1 h6 10. Bf4 Bf8 11. Qd2 Nbd7 12. Rad1 Ne5 13. Bb3 Ng6 14. Bg3 Nh5 15. Nf5 Nxg3 16. hxg3 {1-0 (78) Zatonskih,A (2452)-Kovanova,B (2367) Riadh 2017}) 8... b5 9. Bd5 Nxd5 10. Nxd5 c5 11. Nf3 Bb7 12. Be3 $146 ({Predecessor:} 12. b3 Bxd5 13. Qxd5 Nd7 14. Bb2 Nf6 15. Qd3 d5 16. exd5 Qxd5 {0-1 (37) Kulakov,Y-Rehberg,R Ueberlingen 2000}) 12... Nd7 13. Bf2 Bxd5 14. Qxd5 Nf6 15. Qd3 Ng4 (15... c4 $5 16. Qe2 d5 $11) 16. Rad1 Qb6 17. h3 Nxf2 18. Rxf2 Rfd8 19. Kh1 Bf6 20. c3 Rac8 21. Re2 a5 22. Qd5 b4 23. c4 a4 24. Ng5 Qc7 25. Qf5 Bxg5 26. Qxg5 f6 27. Qd5+ Qf7 28. Kh2 Qxd5 29. exd5 Re8 30. Rde1 Kf7 31. Kg3 Rxe2 $11 1/2-1/2

[Event "1st 4NCL International U2050"]
[Site "Telford"]
[Date "2018.11.04"]
[Round "8"]
[White "Whitehead, Mark A"]
[Black "Stubbs, Oliver"]
[Result "1/2-1/2"]
[ECO "C00"]
[WhiteElo "1922"]
[BlackElo "1672"]
[Annotator "NA"]
[PlyCount "111"]
[EventDate "2018.10.31"]
[EventType "swiss"]
[EventCountry "GBR"]
[SourceTitle "playchess.com"]
[Source "ChessBase"]
[SourceQuality "1"]
[TimeControl "5400+30"]

1. e4 e6 2. Qe2 c5 3. g3 d5 4. exd5 Qxd5 5. Nf3 Nc6 6. Nc3 Qd8 7. Bg2 Nf6 8. O-O Be7 9. d3 O-O 10. Ne4 e5 11. c3 Nxe4 12. dxe4 Be6 13. Be3 Qc7 14. Rfd1 Rfd8 15. b3 Rac8 16. Rxd8+ Rxd8 17. Rd1 Rxd1+ 18. Qxd1 Qa5 19. Qc2 h6 20. Ne1 Nd4 21. cxd4 Qxe1+ 22. Bf1 Bh3 23. Qe2 Qxf1+ 24. Qxf1 Bxf1 25. Kxf1 cxd4 26. Bd2 f6 27. Ke2 Kf7 28. Kd3 Ke6 29. Kc4 Kd6 30. f4 Kc6 31. f5 b5+ 32. Kd3 h5 33. h3 Kb6 34. b4 Kc6 35. g4 hxg4 36. hxg4 Kd7 37. Ke2 Ke8 38. a3 Kf7 39. Be1 Bd8 40. Bd2 g6 41. Kf3 gxf5 42. gxf5 Kg7 43. Ke2 Kh7 44. Kf3 Be7 45. Kg4 Bf8 46. Kh5 a6 47. Bc1 d3 48. Be3 a5 49. Bd2 axb4 50. axb4 Bd6 51. Kg4 Be7 52. Kh5 Bd8 53. Kg4 Bb6 54. Kf3 Bd4 55. Kg3 Bg1 56. Kg2 1/2-1/2

[Event "1st 4NCL International U2050"]
[Site "Telford"]
[Date "2018.11.04"]
[Round "8"]
[White "Wynarczyk, Raymond"]
[Black "Bryant, Richard Be"]
[Result "1/2-1/2"]
[ECO "C18"]
[WhiteElo "1919"]
[BlackElo "1856"]
[Annotator "NA"]
[PlyCount "119"]
[EventDate "2018.10.31"]
[EventType "swiss"]
[EventCountry "GBR"]
[SourceTitle "playchess.com"]
[Source "ChessBase"]
[SourceQuality "1"]
[TimeControl "5400+30"]

1. e4 e6 2. d4 d5 3. Nc3 Bb4 4. e5 c5 5. a3 Ba5 6. Bd2 cxd4 7. Nb5 Bc7 8. f4 Nc6 9. Nf3 Nge7 10. Nbxd4 a6 11. Bd3 Bd7 12. O-O Bb6 13. Be3 g6 14. Qe1 Nxd4 15. Nxd4 Nc6 16. Qf2 Rc8 17. Nf5 Bc7 18. Nd4 Ne7 19. Qh4 Nf5 20. Qxd8+ Bxd8 21. Bxf5 gxf5 22. c3 Rg8 23. Rf3 Ba4 24. Rh3 Rg7 25. Rf1 Be7 26. Rff3 Kd7 27. Rfg3 Rxg3 28. Rxg3 Bf8 29. Rh3 h6 30. Rg3 Bd1 31. Rg8 Be7 32. Rg7 Bh5 33. Rg3 Bg4 34. Bf2 Rh8 35. h3 Bh5 36. Rd3 Rc8 37. Nb3 Bd8 38. Kf1 Kc6 39. Nd4+ Kd7 40. Nb3 Kc6 41. Nd2 b5 42. Nb3 Be7 43. Nd4+ Kd7 44. Nc2 a5 45. Ne3 Bg6 46. Nc2 Bh5 47. Bb6 Ra8 48. Bf2 Rb8 49. Ne3 Kc6 50. g4 fxg4 51. hxg4 Bg6 52. f5 Bh7 53. Nc2 Kd7 54. Rf3 h5 55. gxh5 Bxf5 56. Nd4 Rh8 57. Nxf5 exf5 58. Rxf5 Ke6 59. Rf4 Rxh5 60. a4 1/2-1/2

[Event "1st 4NCL International U2050"]
[Site "Telford"]
[Date "2018.11.04"]
[Round "8"]
[White "Benson, Paul J"]
[Black "Towers, Nigel S"]
[Result "1/2-1/2"]
[ECO "D01"]
[WhiteElo "1912"]
[BlackElo "1843"]
[Annotator "NA"]
[PlyCount "33"]
[EventDate "2018.10.31"]
[EventType "swiss"]
[EventCountry "GBR"]
[SourceTitle "playchess.com"]
[Source "ChessBase"]
[SourceQuality "1"]
[TimeControl "5400+30"]

1. d4 Nf6 2. Nc3 d5 3. Bg5 Bf5 4. f3 Nc6 5. e4 dxe4 6. d5 Nb4 7. Bxf6 exf6 8. fxe4 Bd7 9. Nf3 Bd6 10. a3 Na6 11. Bd3 Nc5 12. O-O O-O 13. b4 Nxd3 14. Qxd3 Qe7 15. Nd4 Qe5 16. g3 g6 17. Ncb5 1/2-1/2

[Event "1st 4NCL International U2050"]
[Site "Telford"]
[Date "2018.11.04"]
[Round "8"]
[White "Gostelow, David W"]
[Black "Chen, Daniel Xingyu"]
[Result "1/2-1/2"]
[ECO "D00"]
[WhiteElo "1880"]
[BlackElo "1258"]
[Annotator "NA"]
[PlyCount "51"]
[EventDate "2018.10.31"]
[EventType "swiss"]
[EventCountry "GBR"]
[SourceTitle "playchess.com"]
[Source "ChessBase"]
[SourceQuality "1"]
[TimeControl "5400+30"]

1. d4 Nf6 2. Bf4 g6 3. Nc3 d5 4. e3 Bg7 5. Be2 a6 6. Nf3 O-O 7. Ne5 Nbd7 8. O-O e6 9. Bf3 Nxe5 10. Bxe5 Bd7 11. Re1 Rc8 12. e4 Bc6 13. Qe2 dxe4 14. Nxe4 Nxe4 15. Bxe4 Bxe4 16. Qxe4 Bxe5 17. dxe5 Qd5 18. Qxd5 exd5 19. Rad1 c6 20. Rd3 Rc7 21. f4 Re8 22. Kf2 Kf8 23. g4 Rce7 24. Ree3 Kg8 25. h4 h6 26. g5 1/2-1/2

[Event "1st 4NCL International U2050"]
[Site "Telford"]
[Date "2018.11.04"]
[Round "8"]
[White "Hughes, Peter"]
[Black "Gogia, Armaan"]
[Result "1/2-1/2"]
[ECO "A69"]
[WhiteElo "1854"]
[BlackElo "1808"]
[Annotator "NA"]
[PlyCount "38"]
[EventDate "2018.10.31"]
[EventType "swiss"]
[EventCountry "GBR"]
[SourceTitle "playchess.com"]
[Source "ChessBase"]
[SourceQuality "1"]
[TimeControl "5400+30"]

1. d4 Nf6 2. c4 g6 3. Nc3 Bg7 4. e4 d6 5. f4 O-O 6. Nf3 c5 7. d5 e6 8. Be2 exd5 9. cxd5 Re8 10. e5 dxe5 11. fxe5 Ng4 12. e6 fxe6 13. d6 Nc6 14. O-O Nd4 15. Ne4 Nxf3+ 16. Bxf3 Bd4+ 17. Kh1 Nf6 18. Bg5 Rf8 19. Bxf6 Bxf6 1/2-1/2

[Event "1st 4NCL International U2050"]
[Site "Telford"]
[Date "2018.11.04"]
[Round "8"]
[White "Zdanowski, Adrian"]
[Black "Ansari, Mohd Athar Dr"]
[Result "1-0"]
[ECO "E06"]
[WhiteElo "1845"]
[BlackElo "2188"]
[Annotator "NA"]
[PlyCount "71"]
[EventDate "2018.10.31"]
[EventType "swiss"]
[EventCountry "GBR"]
[SourceTitle "playchess.com"]
[Source "ChessBase"]
[SourceQuality "1"]
[TimeControl "5400+30"]

1. Nf3 Nf6 2. c4 e6 3. Nc3 d5 4. cxd5 exd5 5. d4 Be7 6. g3 O-O 7. Bg2 c6 8. O-O Bg4 9. Ne5 Qc8 10. Nxg4 Qxg4 11. e3 Qxd1 12. Rxd1 Nbd7 13. a3 a5 14. a4 Bb4 15. Bd2 Rfe8 16. Ne2 Bd6 17. Nc3 Ne4 18. Nxe4 dxe4 19. Bc3 Nb6 20. b3 Nd5 21. Bb2 Ra6 22. Ba3 Bxa3 23. Rxa3 Nc3 24. Re1 Rb6 25. Bf1 Rb4 26. Rc1 Nd5 27. Bc4 Ne7 28. Be2 Rc8 29. Rc5 b6 30. Re5 Nd5 31. Bc4 Nc3 32. Re7 b5 33. Bxf7+ Kf8 34. Ra7 bxa4 35. bxa4 c5 36. Rxc3 {[%emt 0:00:41] Ke8 [%clk 00:53:40] [%emt 00:01:12]} 1-0

[Event "1st 4NCL International U2050"]
[Site "Telford"]
[Date "2018.11.04"]
[Round "8"]
[White "Neatherway, A Philip"]
[Black "Di-Vetta, Andrew"]
[Result "0-1"]
[ECO "C48"]
[WhiteElo "1813"]
[BlackElo "1706"]
[Annotator "NA"]
[PlyCount "58"]
[EventDate "2018.10.31"]
[EventType "swiss"]
[EventCountry "GBR"]
[SourceTitle "playchess.com"]
[Source "ChessBase"]
[SourceQuality "1"]
[TimeControl "5400+30"]

1. e4 e5 2. Nf3 Nc6 3. Bb5 Nf6 4. Nc3 d6 5. Bxc6+ bxc6 6. d4 Bg4 7. dxe5 Bxf3 8. Qxf3 dxe5 9. O-O Bd6 10. Rd1 h6 11. b3 Qe7 12. Na4 O-O 13. Be3 Nd7 14. Nb2 Nb6 15. Nd3 a5 16. c4 c5 17. Qg4 Kh8 18. Rf1 Nd7 19. Rae1 Rfe8 20. f4 Nf6 21. Qf5 exf4 22. Bxf4 Bxf4 23. Rxf4 Qd8 24. e5 Ng8 25. Nf2 Qd2 26. Rfe4 Qxa2 27. Qxf7 Rf8 28. e6 Rxf7 29. exf7 Rf8 0-1

[Event "1st 4NCL International U2050"]
[Site "Telford"]
[Date "2018.11.04"]
[Round "8"]
[White "Somton, Anita"]
[Black "Gorgun, Aliriza Atif"]
[Result "1/2-1/2"]
[ECO "B06"]
[WhiteElo "1795"]
[BlackElo "1739"]
[Annotator "NA"]
[PlyCount "69"]
[EventDate "2018.10.31"]
[EventType "swiss"]
[EventCountry "GBR"]
[SourceTitle "playchess.com"]
[Source "ChessBase"]
[SourceQuality "1"]
[TimeControl "5400+30"]

1. e4 c5 2. Nc3 d6 3. f4 g6 4. Nf3 Bg7 5. d4 cxd4 6. Nxd4 Nc6 7. Bb5 Bd7 8. Be3 Nf6 9. h3 a6 10. Nxc6 Bxc6 11. Bxc6+ bxc6 12. O-O O-O 13. Qd3 Rb8 14. b3 Qa5 15. Rad1 Nd5 16. Nxd5 cxd5 17. exd5 Qxa2 18. Qe4 Rfc8 19. Rf2 Rb7 20. f5 Rf8 21. fxg6 hxg6 22. Rdf1 Qb2 23. Qg4 Qe5 24. Qf3 Rb5 25. Rd1 Rb4 26. Bd2 Rd4 27. c4 Qe4 28. Qxe4 Rxe4 29. Rf3 Rd4 30. Kf2 e6 31. dxe6 fxe6 32. Rxf8+ Kxf8 33. Ke3 Ke7 34. Rf1 e5 35. Bb4 1/2-1/2

[Event "1st 4NCL International U2050"]
[Site "Telford"]
[Date "2018.11.04"]
[Round "8"]
[White "Burgoyne, Peter A"]
[Black "De Coverly, Roger D"]
[Result "0-1"]
[ECO "C44"]
[WhiteElo "1665"]
[BlackElo "1946"]
[Annotator "NA"]
[PlyCount "94"]
[EventDate "2018.10.31"]
[EventType "swiss"]
[EventCountry "GBR"]
[SourceTitle "playchess.com"]
[Source "ChessBase"]
[SourceQuality "1"]
[TimeControl "5400+30"]

1. e4 e5 2. Nf3 Nc6 3. d4 exd4 4. c3 d5 5. exd5 Qxd5 6. cxd4 Bg4 7. Be2 Bb4+ 8. Nc3 Bxf3 9. Bxf3 Qc4 10. Bxc6+ bxc6 11. Qe2+ Qxe2+ 12. Kxe2 O-O-O 13. Be3 Ne7 14. Rac1 Nf5 15. Rhd1 Rhe8 16. Kf3 Rd6 17. g3 h6 18. d5 Nxe3 19. fxe3 Bxc3 20. Rxc3 cxd5 21. Rd4 Kd7 22. Ra3 Rb8 23. b3 a6 24. Rf4 f6 25. Rd4 c5 26. Rd2 f5 27. h4 Kc7 28. Ra4 Re8 29. g4 fxg4+ 30. Rxg4 g6 31. Rf4 Re5 32. Rf7+ Kc6 33. Rf4 Re4 34. Rg2 Rxf4+ 35. Kxf4 Re6 36. Kf3 Kd6 37. Rg4 Ke5 38. a3 Rb6 39. Ra4 Rxb3 40. Rxa6 d4 41. Rxg6 Rxe3+ 42. Kf2 c4 43. Rxh6 c3 44. Rc6 Ke4 45. h5 Kd3 46. h6 Rh3 47. Kg2 Rh5 0-1

[Event "1st 4NCL International U2050"]
[Site "Telford"]
[Date "2018.11.04"]
[Round "8"]
[White "Murphy, Ross"]
[Black "Fallowfield, Nicholas"]
[Result "0-1"]
[ECO "D02"]
[WhiteElo "1646"]
[BlackElo "1883"]
[Annotator "NA"]
[PlyCount "62"]
[EventDate "2018.10.31"]
[EventType "swiss"]
[EventCountry "GBR"]
[SourceTitle "playchess.com"]
[Source "ChessBase"]
[SourceQuality "1"]
[TimeControl "5400+30"]

1. Nf3 d5 2. g3 Nc6 3. d4 Bg4 4. Bg2 Qd7 5. h3 Bf5 6. c3 f6 7. Nbd2 e5 8. Nh4 Be6 9. dxe5 fxe5 10. Qb3 Nf6 11. Qc2 Bc5 12. Nb3 Bb6 13. Bg5 O-O 14. O-O-O Ne7 15. g4 Bxf2 16. Rdf1 Bb6 17. Nf5 Bxf5 18. gxf5 e4 19. h4 Nxf5 20. Bh3 Nh5 21. Nd4 Bxd4 22. Bxf5 Rxf5 23. cxd4 Ng3 24. Rxf5 Qxf5 25. Rd1 h6 26. Be3 Qg4 27. Re1 Nf5 28. Qd2 Qxh4 29. Bf4 Nxd4 30. Rg1 Nxe2+ 31. Qxe2 Qxf4+ 0-1